| TOP OF THE 1ST |
|
Vermont Lake Monsters batting - Pitching for Staten Island Yankees : LHP Dustin Shaw
|
|
Pitching: LHP Dustin Shaw
|
|
|
Batting: RHB Josh Mauer
|
0-0: SINGLE (Line Drive, 7S, EV 95.0 MPH)
|
|
Batting: RHB Sean Gould
|
0-0: Called Strike 0-1: Ball Passed Ball! Josh Mauer to second 1-1: Ball 2-1: Ball 3-1: Base on Balls
|
|
Batting: RHB Zachary Anderson
|
0-0: Ball 1-0: DOUBLE (Line Drive, 7LM, EV 114.4 MPH) Josh Mauer scores Sean Gould to third
|
|
Batting: LHB Brian Puccio
|
0-0: Ball 1-0: Foul Ball, location: 2F 1-1: Foul Ball, location: 2F 1-2: Strikes out swinging
|
|
Batting: RHB Jon Coleman
|
0-0: Ball 1-0: Ball 2-0: Ball 3-0: Called Strike 3-1: SINGLE (Groundball, 34D, EV 104.4 MPH) Sean Gould scores Zachary Anderson to third Runner from 3rd tries for Home, SAFE, throw by RF to home
|
|
Batting: SHB Steve Salafia
|
0-0: Ball 1-0: Called Strike 1-1: Called Strike 1-2: DOUBLE (Groundball, 5L, EV 105.6 MPH) Jon Coleman to third
|
|
Batting: LHB Igor Ciobanu
|
0-0: Ball 1-0: Called Strike 1-1: Foul Ball, location: 2F 1-2: Ball 2-2: Foul Ball, location: 2F 2-2: Ground out 4-3 (Groundball, 34, EV 99.4 MPH) Jon Coleman scores Steve Salafia to third
|
|
Batting: RHB Jake Leffel
|
0-0: Ball Balk! Steve Salafia scores 1-0: Ball 2-0: Called Strike 2-1: Reached on error, E3 (Groundball, 34S, EV 75.0 MPH)
|
|
Batting: SHB Eric Tiehen
|
0-0: Ball 1-0: Ball 2-0: Ball 3-0: Base on Balls Jake Leffel to second
|
|
Batting: RHB Josh Mauer
|
0-0: Ball 1-0: Ball 2-0: Swinging Strike 2-1: Ball 3-1: Base on Balls Jake Leffel to third Eric Tiehen to second
|
|
Batting: RHB Sean Gould
|
0-0: Ball 1-0: Foul Ball, location: 2F 1-1: Swinging Strike 1-2: Ball 2-2: SINGLE (Groundball, 34D, EV 96.9 MPH) Jake Leffel scores Eric Tiehen to third Josh Mauer to second Runner from 3rd tries for Home, SAFE, throw by RF to home Josh Mauer to third Sean Gould to second
|
|
Batting: RHB Zachary Anderson
|
0-0: Ball 1-0: Called Strike 1-1: Ball 2-1: Swinging Strike 2-2: Fly out, F8 (Flyball, 8LD, EV 88.8 MPH)
|
| Top of the 1st over - 7 runs, 5 hits, 1 error, 2 left on base; Vermont 7 - Staten Island 0 |
| BOTTOM OF THE 1ST |
|
Staten Island Yankees batting - Pitching for Vermont Lake Monsters : RHP Kyle Rasor
|
|
Pitching: RHP Kyle Rasor
|
|
|
Batting: RHB Norimoto Miyanishi
|
0-0: Ball 1-0: Ball 2-0: Foul Ball, location: 2F 2-1: Ball 3-1: Swinging Strike 3-2: Foul Ball, location: 2F 3-2: Strikes out swinging passed ball, reaches first!
|
|
Batting: LHB Dario Segura
|
0-0: Called Strike 0-1: Ball 1-1: Foul Ball, location: 2F 1-2: Ball 2-2: Ball 3-2: Base on Balls Norimoto Miyanishi to second
|
|
Batting: RHB Pat Pemberton
|
0-0: Ball 1-0: Ball Wild Pitch! Norimoto Miyanishi to third Dario Segura to second 2-0: Ground out 1-3 (Groundball, 34S, EV 68.1 MPH)
|
|
Batting: SHB Tadaaki Kondo
|
0-0: Called Strike 0-1: Foul Ball, location: 2F 0-2: Ball 1-2: Strikes out swinging
|
|
Batting: LHB Mike Schermerhorn
|
0-0: Ball 1-0: Swinging Strike 1-1: Ball 2-1: Ground out 5-3 (Groundball, 5, EV 79.4 MPH)
|
| Bottom of the 1st over - 0 runs, 0 hits, 0 errors, 2 left on base; Vermont 7 - Staten Island 0 |
| TOP OF THE 2ND |
|
Vermont Lake Monsters batting - Pitching for Staten Island Yankees : LHP Dustin Shaw
|
|
Batting: LHB Brian Puccio
|
0-0: Fly out, F9 (Line Drive, 9S, EV 100.6 MPH)
|
|
Batting: RHB Jon Coleman
|
0-0: Called Strike 0-1: Swinging Strike 0-2: Fly out, F8 (Flyball, 8LXD, EV 101.9 MPH)
|
|
Batting: SHB Steve Salafia
|
0-0: Ball 1-0: Foul Ball, location: 2F 1-1: Ground out 6-3 (Groundball, 6, EV 81.9 MPH)
|
| Top of the 2nd over - 0 runs, 0 hits, 0 errors, 0 left on base; Vermont 7 - Staten Island 0 |
| BOTTOM OF THE 2ND |
|
Staten Island Yankees batting - Pitching for Vermont Lake Monsters : RHP Kyle Rasor
|
|
Batting: RHB Edite Leoni
|
0-0: Called Strike 0-1: Ball 1-1: Called Strike 1-2: Ball 2-2: Ball 3-2: Strikes out swinging
|
|
Batting: SHB Adam Slade
|
0-0: Ground out 4-3 (Groundball, 34, EV 105.0 MPH)
|
|
Batting: RHB Danny Ayala
|
0-0: Ball 1-0: Ball 2-0: Fly out, F9 (Line Drive, 9LM, EV 93.1 MPH)
|
| Bottom of the 2nd over - 0 runs, 0 hits, 0 errors, 0 left on base; Vermont 7 - Staten Island 0 |
| TOP OF THE 3RD |
|
Vermont Lake Monsters batting - Pitching for Staten Island Yankees : LHP Dustin Shaw
|
|
Batting: LHB Igor Ciobanu
|
0-0: Ball 1-0: Ball 2-0: Foul Ball, location: 2F 2-1: Called Strike 2-2: Ground out 6-3 (Groundball, 6MS, EV 93.8 MPH)
|
|
Batting: RHB Jake Leffel
|
0-0: Foul Ball, location: 2F 0-1: Ball 1-1: Ball 2-1: Ball 3-1: Foul Ball, location: 2F 3-2: Foul Ball, location: 2F 3-2: Foul Ball, location: 2F 3-2: Strikes out swinging
|
|
Batting: SHB Eric Tiehen
|
0-0: Ball 1-0: Ball 2-0: Ball 3-0: Called Strike 3-1: Called Strike 3-2: Ground out U3 (Groundball, 3, EV 79.4 MPH)
|
| Top of the 3rd over - 0 runs, 0 hits, 0 errors, 0 left on base; Vermont 7 - Staten Island 0 |
| BOTTOM OF THE 3RD |
|
Staten Island Yankees batting - Pitching for Vermont Lake Monsters : RHP Kyle Rasor
|
|
Batting: LHB Danny de Leon
|
0-0: Ball 1-0: Called Strike 1-1: Ball 2-1: Ball 3-1: Swinging Strike 3-2: Foul Ball, location: 2F 3-2: Foul Ball, location: 2F 3-2: Fly out, F4 (Flyball, 4D, EV 90.0 MPH)
|
|
Batting: RHB Norimoto Miyanishi
|
0-0: Swinging Strike 0-1: Ball 1-1: Swinging Strike 1-2: Strikes out swinging
|
|
Batting: LHB Dario Segura
|
0-0: Ground out 4-3 (Groundball, 4, EV 88.8 MPH)
|
| Bottom of the 3rd over - 0 runs, 0 hits, 0 errors, 0 left on base; Vermont 7 - Staten Island 0 |
| TOP OF THE 4TH |
|
Vermont Lake Monsters batting - Pitching for Staten Island Yankees : LHP Dustin Shaw
|
|
Batting: RHB Josh Mauer
|
0-0: Ball 1-0: Called Strike 1-1: Ball 2-1: Foul Ball, location: 2F 2-2: Fly out, F7 (Flyball, 7D, EV 106.9 MPH)
|
|
Pitching: LHP Colin Scott
|
|
|
Batting: RHB Sean Gould
|
0-0: Called Strike 0-1: Foul Ball, location: 2F 0-2: Strikes out swinging
|
|
Batting: RHB Zachary Anderson
|
0-0: Called Strike 0-1: Called Strike 0-2: Foul Ball, location: 2F 0-2: Foul Ball, location: 2F 0-2: Strikes out swinging
|
| Top of the 4th over - 0 runs, 0 hits, 0 errors, 0 left on base; Vermont 7 - Staten Island 0 |
| BOTTOM OF THE 4TH |
|
Staten Island Yankees batting - Pitching for Vermont Lake Monsters : RHP Kyle Rasor
|
|
Batting: RHB Pat Pemberton
|
0-0: Called Strike 0-1: Fly out, F8 (Line Drive, 8RD, EV 83.8 MPH)
|
|
Batting: SHB Tadaaki Kondo
|
0-0: Called Strike 0-1: Ball 1-1: Ball 2-1: Ball 3-1: Swinging Strike 3-2: Base on Balls
|
|
Batting: LHB Mike Schermerhorn
|
0-0: Called Strike 0-1: Called Strike 0-2: Ball 1-2: Ball 2-2: DOUBLE (Groundball, 5L, EV 104.4 MPH) Tadaaki Kondo to third
|
|
Batting: RHB Edite Leoni
|
0-0: Called Strike 0-1: Foul Ball, location: 2F 0-2: Ball 1-2: Ground out 6-3 (Groundball, 6, EV 108.1 MPH) Tadaaki Kondo scores
|
|
Batting: SHB Adam Slade
|
0-0: Ball 1-0: Called Strike 1-1: Foul Ball, location: 2F 1-2: Foul Ball, location: 2F 1-2: Strikes out looking
|
| Bottom of the 4th over - 1 run, 1 hit, 0 errors, 1 left on base; Vermont 7 - Staten Island 1 |
| TOP OF THE 5TH |
|
Vermont Lake Monsters batting - Pitching for Staten Island Yankees : LHP Colin Scott
|
|
Batting: LHB Brian Puccio
|
0-0: Called Strike 0-1: Ball 1-1: Ball 2-1: SINGLE (Groundball, 34D, EV 108.1 MPH)
|
|
Batting: RHB Jon Coleman
|
0-0: Ball 1-0: Foul Ball, location: 2F 1-1: Ball 2-1: Ball 3-1: Called Strike 3-2: Foul Ball, location: 2F 3-2: Strikes out looking
|
|
Pitching: RHP Nick Peters
|
|
|
Batting: SHB Steve Salafia
|
0-0: Ball 1-0: Called Strike 1-1: Foul Ball, location: 2F 1-2: Foul Ball, location: 2F 1-2: Ball 2-2: Strikes out swinging
|
|
Batting: LHB Igor Ciobanu
|
0-0: Called Strike 0-1: Called Strike 0-2: Ball 1-2: Ball 2-2: SINGLE (Line Drive, 6D, EV 98.1 MPH) Brian Puccio to second Runner from 2nd tries for 3rd, SAFE, throw by CF made to third
|
|
Batting: RHB Jake Leffel
|
0-0: Called Strike 0-1: Foul Ball, location: 2F 0-2: Ball 1-2: Foul Ball, location: 2F 1-2: Strikes out swinging
|
| Top of the 5th over - 0 runs, 2 hits, 0 errors, 2 left on base; Vermont 7 - Staten Island 1 |
| BOTTOM OF THE 5TH |
|
Staten Island Yankees batting - Pitching for Vermont Lake Monsters : RHP Kyle Rasor
|
|
Batting: RHB Danny Ayala
|
0-0: Ball 1-0: Ball 2-0: Swinging Strike 2-1: Ball 3-1: Swinging Strike 3-2: DOUBLE (Flyball, 8RXD, EV 105.6 MPH)
|
|
Pitching: LHP Steve Lima
|
|
|
Batting: LHB Danny de Leon
|
0-0: Foul Ball, location: 2F 0-1: Called Strike 0-2: Ball 1-2: Ground out 5-3 (Groundball, 56S, EV 86.2 MPH)
|
|
Batting: RHB Norimoto Miyanishi
|
0-0: Ball 1-0: Swinging Strike 1-1: Foul Ball, location: 2F 1-2: Foul Ball, location: 2F 1-2: Ground out 6-3 (Groundball, 6, EV 88.8 MPH)
|
|
Batting: LHB Dario Segura
|
0-0: Called Strike 0-1: Ground out 3-1 (Groundball, 34, EV 85.6 MPH)
|
| Bottom of the 5th over - 0 runs, 1 hit, 0 errors, 1 left on base; Vermont 7 - Staten Island 1 |
| TOP OF THE 6TH |
|
Vermont Lake Monsters batting - Pitching for Staten Island Yankees : RHP Nick Peters
|
|
Batting: SHB Eric Tiehen
|
0-0: Ball 1-0: Fly out, F2 (Popup, 2R, EV 95.0 MPH)
|
|
Pitching: RHP Nate LaCava
|
|
|
Batting: RHB Josh Mauer
|
0-0: Foul Ball, location: 2F 0-1: Ball 1-1: Foul Ball, location: 2F 1-2: Ball 2-2: Ball 3-2: Foul Ball, location: 2F 3-2: DOUBLE (Line Drive, 5D, EV 107.5 MPH)
|
|
Batting: RHB Sean Gould
|
0-0: Ball 1-0: Ball 2-0: Called Strike 2-1: Fly out, F8 (Flyball, 8LM, EV 89.4 MPH) Runner from 2nd tags up, SAFE at 3rd with throw by CF
|
|
Batting: RHB Zachary Anderson
|
0-0: Called Strike 0-1: Ball 1-1: Called Strike 1-2: Ball 2-2: Ball 3-2: Base on Balls
|
|
Batting: LHB Brian Puccio
|
0-0: Foul Ball, location: 2F 0-1: Ball 1-1: Ball 2-1: Foul Ball, location: 2F 2-2: Foul Ball, location: 2F 2-2: Strikes out looking
|
| Top of the 6th over - 0 runs, 1 hit, 0 errors, 2 left on base; Vermont 7 - Staten Island 1 |
| BOTTOM OF THE 6TH |
|
Staten Island Yankees batting - Pitching for Vermont Lake Monsters : LHP Steve Lima
|
|
Batting: RHB Pat Pemberton
|
0-0: Foul Ball, location: 2F 0-1: Foul Ball, location: 2F 0-2: Strikes out swinging
|
|
Batting: SHB Tadaaki Kondo
|
0-0: Ball 1-0: Called Strike 1-1: Ball 2-1: Swinging Strike 2-2: Ground out 5-3 (Groundball, 56, EV 90.0 MPH)
|
|
Batting: LHB Mike Schermerhorn
|
0-0: Foul Ball, location: 2F 0-1: Called Strike 0-2: Ball 1-2: Ground out 3-1 (Groundball, 34S, EV 79.4 MPH)
|
| Bottom of the 6th over - 0 runs, 0 hits, 0 errors, 0 left on base; Vermont 7 - Staten Island 1 |
| TOP OF THE 7TH |
|
Vermont Lake Monsters batting - Pitching for Staten Island Yankees : RHP Nate LaCava
|
|
Batting: RHB Jon Coleman
|
0-0: Ball 1-0: Foul Ball, location: 2F 1-1: Ball 2-1: SINGLE (Groundball, 6MD, EV 102.5 MPH)
|
|
Batting: SHB Steve Salafia
|
0-0: Swinging Strike 0-1: Called Strike 0-2: Ball Wild Pitch! Jon Coleman to second 1-2: Foul Ball, location: 2F 1-2: Foul Ball, location: 2F 1-2: Ball 2-2: Foul Ball, location: 2F 2-2: Ball 3-2: Foul Ball, location: 2F 3-2: Ground out U3 (Groundball, 3, EV 88.8 MPH) Jon Coleman to third
|
|
Batting: LHB Igor Ciobanu
|
0-0: Hit by Pitch
|
|
Batting: RHB Jake Leffel
|
0-0: Ball 1-0: Ball 2-0: Ball 3-0: Base on Balls Igor Ciobanu to second
|
|
Batting: SHB Eric Tiehen
|
0-0: Called Strike 0-1: Called Strike 0-2: Strikes out swinging
|
|
Batting: RHB Josh Mauer
|
0-0: Ball 1-0: Called Strike 1-1: Ball 2-1: Ball 3-1: Foul Ball, location: 2F 3-2: Ground out 2-3 (Groundball, 2R, EV 65.0 MPH)
|
| Top of the 7th over - 0 runs, 1 hit, 0 errors, 3 left on base; Vermont 7 - Staten Island 1 |
| BOTTOM OF THE 7TH |
|
Staten Island Yankees batting - Pitching for Vermont Lake Monsters : LHP Steve Lima
|
|
Batting: RHB Edite Leoni
|
0-0: SINGLE (Flyball, 9S, EV 86.2 MPH)
|
|
Batting: SHB Adam Slade
|
0-0: Called Strike 0-1: Foul Ball, location: 2F 0-2: Ball 1-2: Foul Ball, location: 2F 1-2: Ball 2-2: Ball 3-2: Fielders Choice at 2nd, 6-4 (Groundball, 6, EV 81.9 MPH)
|
|
Pitching: LHP Adam Wood
|
|
|
Batting: RHB Danny Ayala
|
0-0: Foul Ball, location: 2F 0-1: Called Strike 0-2: Ball 1-2: Foul Ball, location: 2F Balk! Adam Slade to second 1-2: Foul Ball, location: 2F 1-2: Ground out U3 (Groundball, 3, EV 84.4 MPH) Adam Slade to third
|
|
Pinch Hitting: RHB Brad Wren
|
0-0: Called Strike 0-1: Called Strike 0-2: Strikes out swinging
|
| Bottom of the 7th over - 0 runs, 1 hit, 0 errors, 1 left on base; Vermont 7 - Staten Island 1 |
| TOP OF THE 8TH |
|
Vermont Lake Monsters batting - Pitching for Staten Island Yankees : RHP Nate LaCava
|
|
Now in RF: Jon Pierce
|
|
|
Batting: RHB Sean Gould
|
0-0: Ball 1-0: Ball 2-0: Ball 3-0: Called Strike 3-1: Base on Balls
|
|
Batting: RHB Zachary Anderson
|
0-0: Called Strike 0-1: Fly out, F4 (Popup, 34D, EV 46.9 MPH)
|
|
Batting: LHB Brian Puccio
|
0-0: Foul Ball, location: 2F 0-1: Called Strike 0-2: Strikes out swinging
|
|
Pitching: RHP Jake Bryant
|
|
|
Batting: RHB Jon Coleman
|
0-0: Ball 1-0: Ball 2-0: Ball 3-0: Called Strike 3-1: Hit by Pitch Sean Gould to second
|
|
Batting: SHB Steve Salafia
|
0-0: Called Strike 0-1: Called Strike 0-2: Fielders Choice at 2nd, U6 (Groundball, 6M, EV 91.2 MPH)
|
| Top of the 8th over - 0 runs, 0 hits, 0 errors, 2 left on base; Vermont 7 - Staten Island 1 |
| BOTTOM OF THE 8TH |
|
Staten Island Yankees batting - Pitching for Vermont Lake Monsters : LHP Adam Wood
|
|
Batting: RHB Norimoto Miyanishi
|
0-0: Ball 1-0: Foul Ball, location: 2F 1-1: Called Strike 1-2: Foul Ball, location: 2F 1-2: Foul Ball, location: 2F 1-2: Strikes out swinging
|
|
Batting: LHB Dario Segura
|
0-0: Ball 1-0: Called Strike 1-1: Swinging Strike 1-2: Ball 2-2: Foul Ball, location: 2F 2-2: Foul Ball, location: 2F 2-2: Strikes out swinging
|
|
Batting: RHB Pat Pemberton
|
0-0: Ball 1-0: Called Strike 1-1: Ball 2-1: Swinging Strike 2-2: Strikes out looking
|
| Bottom of the 8th over - 0 runs, 0 hits, 0 errors, 0 left on base; Vermont 7 - Staten Island 1 |
| TOP OF THE 9TH |
|
Vermont Lake Monsters batting - Pitching for Staten Island Yankees : RHP Jake Bryant
|
|
Batting: LHB Igor Ciobanu
|
0-0: Ball 1-0: Ball 2-0: Called Strike 2-1: Ball 3-1: Called Strike 3-2: Strikes out swinging
|
|
Batting: RHB Jake Leffel
|
0-0: Ball 1-0: Called Strike 1-1: Ball 2-1: Ball 3-1: Foul Ball, location: 2F 3-2: Strikes out swinging
|
|
Batting: SHB Eric Tiehen
|
0-0: Ball 1-0: Ball 2-0: Ball 3-0: Called Strike 3-1: Swinging Strike 3-2: Strikes out swinging
|
| Top of the 9th over - 0 runs, 0 hits, 0 errors, 0 left on base; Vermont 7 - Staten Island 1 |
| BOTTOM OF THE 9TH |
|
Staten Island Yankees batting - Pitching for Vermont Lake Monsters : LHP Adam Wood
|
|
Batting: SHB Tadaaki Kondo
|
0-0: Ball 1-0: Swinging Strike 1-1: Ball 2-1: Called Strike 2-2: Foul Ball, location: 2F 2-2: DOUBLE (Line Drive, 7LS, EV 100.6 MPH)
|
|
Batting: LHB Mike Schermerhorn
|
0-0: Ground out 4-3 (Groundball, 4, EV 111.9 MPH) Tadaaki Kondo to third
|
|
Batting: RHB Edite Leoni
|
0-0: Called Strike 0-1: Ball 1-1: Reached on error, E6 (Groundball, 6, EV 100.0 MPH) Tadaaki Kondo scores
|
|
Batting: SHB Adam Slade
|
0-0: Swinging Strike 0-1: Ball Wild Pitch! Edite Leoni to third 1-1: Swinging Strike 1-2: Strikes out looking
|
|
Batting: RHB Danny Ayala
|
0-0: Called Strike 0-1: Foul Ball, location: 2F 0-2: Strikes out swinging
|
| Bottom of the 9th over - 1 run, 1 hit, 1 error, 1 left on base; Vermont 7 - Staten Island 2 |
|